 Dungeon Crawl Stone Soup version 0.31.0-32-g396128a36d (webtiles) character file.

Game seed: 13414478815846631010

42 PaiMei the Grave Robber (level 3, -3/26 HPs)
             Began as a Demonspawn Necromancer on Mar 26, 2024.
             Killed from afar by Crazy Yiuf (8 damage)
             ... on level 2 of the Dungeon.
             The game lasted 00:01:56 (1747 turns).

PaiMei the Grave Robber (Demonspawn Necromancer)    Turns: 1747, Time: 00:01:57

Health: -3/26      AC:  2    Str:  8    XL:     3   Next: 33%
Magic:  0/6        EV:  6    Int: 17    God:
Gold:   83         SH:  0    Dex: 13    Spells: 2/6 levels left

rFire   . . .        l - +1 hammer (protect)
rCold   . . .        (no shield)
rNeg    . . .        a - +0 robe
rPois   .            (no helmet)
rElec   .            (no cloak)
rCorr   .            (no gloves)
SInv    .            (no boots)
Will    .....        (no amulet)
Stlth   ++           (no ring)
HPRegen 0.24/turn    (no ring)
MPRegen 0.10/turn

%: no passive effects
@: very slightly contaminated, held
A: foul stench 1
a: no special abilities


You were on level 2 of the Dungeon.
You visited 1 branch of the dungeon, and saw 2 of its levels.

You collected 83 gold pieces.

Inventory:

Hand Weapons
 e - a +0 dagger
 l - a +1 hammer of protection (weapon)
Armour
 a - a +0 robe (worn)
 i - a +0 kite shield
Scrolls
 d - a scroll of identify {unknown}
 k - a scroll of poison {unknown}
 m - a scroll of vulnerability {unknown}
Potions
 b - a potion of magic
 c - a potion of cancellation {unknown}
 f - a potion of degeneration {unknown}
 g - 3 potions of enlightenment {unknown}
 h - 2 potions of mutation {unknown}
 j - 2 potions of curing {unknown}


   Skills:
 + Level 1.0 Fighting
 + Level 2.3 Dodging
 - Level 2.0 Stealth
 + Level 2.4 Spellcasting
 + Level 4.7 Necromancy


You had 2 spell levels left.
You knew the following spells:

 Your Spells              Type           Power      Damage    Failure   Level
a - Necrotise             Necr           72%        1d7       2%          1
b - Vampiric Draining     Necr           18%        2d7       8%          3

Your spell library contained the following spells:

 Spells                   Type           Power      Damage    Failure   Level
 Animate Dead             Necr           18%        N/A       26%         4
 Curse of Agony           Necr           18%        N/A       58%         5


Dungeon Overview and Level Annotations

Branches:
Dungeon (2/15)

Altars:

Annotations:
D:2 Crazy Yiuf


Innate Abilities, Weirdness & Mutations

You may rarely emit foul miasma when damaged in melee.


Message History

Aim: Crazy Yiuf, wielding a +4 quarterstaff of chaos and wearing a +1 cloak (chance to affect: 83%) Crazy Yiuf writhes in agony.
Casting: Necrotise (safe; 2% risk of failure)
Confirm with . or Enter, or press ? or * to list all spells.
Aiming: Necrotise (safe; 2% risk of failure)
Press: ? - help, Shift-Dir - straight line, f/p - Crazy Yiuf
Aim: Crazy Yiuf, wielding a +4 quarterstaff of chaos and wearing a +1 cloak (lightly wounded, chance to affect: 83%) Crazy Yiuf writhes in agony.
Crazy Yiuf misses you.
Casting: Necrotise (safe; 2% risk of failure)
Confirm with . or Enter, or press ? or * to list all spells.
Aiming: Necrotise (safe; 2% risk of failure)
Press: ? - help, Shift-Dir - straight line, f/p - Crazy Yiuf
Aim: Crazy Yiuf, wielding a +4 quarterstaff of chaos and wearing a +1 cloak (lightly wounded, chance to affect: 83%) Crazy Yiuf writhes in agony.
Crazy Yiuf hits you with a +4 quarterstaff of chaos!
Ouch! That really hurt!
You blink.
Casting: Necrotise (safe; 2% risk of failure)
Confirm with . or Enter, or press ? or * to list all spells.
Aiming: Necrotise (safe; 2% risk of failure)
Press: ? - help, Shift-Dir - straight line, f/p - Crazy Yiuf
Aim: Crazy Yiuf, wielding a +4 quarterstaff of chaos and wearing a +1 cloak (moderately wounded, chance to affect: 83%)
You miscast Necrotise.
Nothing appears to happen.
Casting: Necrotise (safe; 2% risk of failure)
Confirm with . or Enter, or press ? or * to list all spells.
You don't have enough magic to cast this spell.
Casting: Necrotise (safe; 2% risk of failure)
Confirm with . or Enter, or press ? or * to list all spells.
You don't have enough magic to cast this spell.
Casting: Necrotise (safe; 2% risk of failure)
Confirm with . or Enter, or press ? or * to list all spells.
You don't have enough magic to cast this spell.
Casting: Necrotise (safe; 2% risk of failure)
Confirm with . or Enter, or press ? or * to list all spells.
You don't have enough magic to cast this spell.
Crazy Yiuf hits you with a +4 quarterstaff of chaos!
* * * LOW HITPOINT WARNING * * *
The Crazy Yiuf's quarterstaff of chaos hits you!
You are caught in a web!
You die...

#......#
#....>.#
#......#
##......#
##.......#
.........#
#####
###......#
##### #...#
#......###
#).)# #...#
# #........#
#)@.# #...#
# ###.##..##
#.g.#
######...###
. #..).###
##'##
#...........
...###....#
#)##
#.#......###
###.##...#.#
##)#
###.#....##.
.....#.###.#
#)##
#.#......##.
.......# #.#
##)#
#....#####..
.....#..##.#
##)## #...##
#..
.....#.....#
##...#
#.########..


You could see Crazy Yiuf.

Vanquished Creatures
  A dart slug (D:1)
  A ribbon worm (D:2)
  3 bats
  4 endoplasms
  2 giant cockroaches
  2 hobgoblins
  2 jackals (D:1)
  2 quokkas (D:1)
  3 ball pythons (D:1)
  2 frilled lizards
  4 goblins
  4 kobolds
  2 rats
32 creatures vanquished.

Vanquished Creatures (collateral kills)
  An endoplasm (D:1)
  A goblin (D:1)
2 creatures vanquished.

Grand Total: 34 creatures vanquished

Notes
Turn   | Place    | Note
-------+----------+-------------------------------------------
     0 | D:1      | PaiMei the Demonspawn Necromancer began the quest for the
                  | Orb.
     0 | D:1      | Reached XP level 1. HP: 13/13 MP: 3/3
   352 | D:1      | Gained mutation: You may rarely emit foul miasma when
                  | damaged in melee. [demonic ancestry]
   352 | D:1      | Reached XP level 2. HP: 19/19 MP: 3/5
  1258 | D:2      | Found a faded altar of an unknown god.
  1267 | D:2      | Reached XP level 3. HP: 25/25 MP: 2/6
  1271 | D:2      | Learned a level 3 spell: Vampiric Draining
  1477 | D:2      | Reached skill level 1 in Fighting
  1734 | D:2      | Found a runed translucent door.
  1735 | D:2      | Noticed Crazy Yiuf
  1747 | D:2      | Killed from afar by Crazy Yiuf

Illustrated notes

Levels and vault maps discovered:
D:1:      minmay_arrival_semitransparent, layout_loops_ring, serial_aquarium,
          aquarium_bridge_square [aquarium_subvault_bridge,
          aquarium_subvault_bridge, aquarium_subvault_wall,
          aquarium_subvault_wall], aquarium_window_fake, aquarium_window_double,
          aquarium_window_2, aquarium_window_1, aquarium_view_2f,
          aquarium_view_2e, aquarium_balcony_double_1, minmay_misc_feat_five,
          supply_closet_lemuel, minivault_14, minmay_misc_feat_roman,
          minmay_three_crescents
D:2:      layout_rooms, ebering_ecumenical_altar_petrified,
          uniq_crazy_yiuf_cottage

Skill      XL: |  1  2  3 |
---------------+----------+-----
Stealth        | 2 |  2.0
Dodging        | 2 |  2.3
Fighting       | 1 |  1.0
Spellcasting   | |  2.4
Necromancy     | |  4.7

Action                     || total
---------------------------++-------
  Melee: Dagger            ||    11
         Mace              ||     4
   Cast: Necrotise         ||    57
 Armour: Robe              ||    13
  Dodge: Dodged            ||    22
